 Dungeon Crawl Stone Soup version 0.31-a0-703-gcfe89afef6 (webtiles) character file.

Game seed: 8586533058126192635

57 demibob the Chopper (level 4, -1/39 HPs)
             Began as a Hill Orc Chaos Knight on Sept 8, 2023.
             Was a Plaything of Xom.
             Slain by a gnoll
             ... wielding a +0 spear
              (6 damage)
             ... on level 2 of the Dungeon.
             The game lasted 00:01:08 (1009 turns).

demibob the Chopper (Hill Orc Chaos Knight)         Turns: 1009, Time: 00:01:09

Health: -1/39      AC:  5    Str: 16    XL:     4   Next: 0%
Magic:  4/4        EV: 11    Int: 12    God:    Xom [*.....]
Gold:   28         SH:  0    Dex: 10    Spells: 3/3 levels left

rFire   . . .        a - +0 hand axe (chaos)
rCold   . . .        (no shield)
rNeg    . . .        b - +2 leather armour
rPois   .            (no helmet)
rElec   .            (no cloak)
rCorr   .            (no gloves)
SInv    .            (no boots)
Will    .....        (no amulet)
Stlth   +            (no ring)
HPRegen 0.26/turn    (no ring)
MPRegen 0.09/turn

%: no passive effects
@: mighty
A: no striking features
a: Renounce Religion


You were on level 2 of the Dungeon.
You worshipped Xom.
You were a special plaything of Xom.
You visited 1 branch of the dungeon, and saw 2 of its levels.

You collected 28 gold pieces.


   Skills:
 - Level 3.6 Fighting
 + Level 6.3 Axes
 - Level 2.1 Armour
 - Level 0.7 Dodging


You had 3 spell levels left.
You didn't know any spells.
Your spell library contained the following spells:

 Spells                   Type           Power      Damage    Failure   Level
 Wereblood                Tmut           0%         N/A       52%         2
 Irradiate                Conj/Tmut      0%         3d11      100%        5

Inventory:

Hand Weapons
 a - a +0 hand axe of chaos (weapon)
Armour
 b - a +2 leather armour (worn)
Scrolls
 c - a scroll of butterflies
 d - a scroll of amnesia {unknown}

Dungeon Overview and Level Annotations

Branches:
Dungeon (2/15)

Altars:

...#...# #.. ........
.. ▓.#.▓.## #.# ###.
▓.▓▓.g.▓..# #.#
###..) ... #†▓.# #.#
#...#. #.##†).# #.#
#.###.
..g....▓†####.#####†#
#.
▓.▓▓▓.▓▓gg.##.#.....#
#.
....).gg.#.##...#####
#. ##.###@##...>###
#. #........#### #.
##########


You could see 3 gnolls and a goblin.


Message History

You see here a ball python corpse.
You closely miss the gnoll. You hit the gnoll. You punch the gnoll.
The gnoll is severely wounded.
The gnoll hits you with a +0 spear.
* * * LOW HITPOINT WARNING * * *
You closely miss the gnoll.
The gnoll is severely wounded.
The gnoll hits you with a +0 spear.
* * * LOW HITPOINT WARNING * * *
You hit the gnoll but do no damage.
The gnoll is severely wounded.
The gnoll hits you but does no damage.
You hit the gnoll.
The gnoll is almost dead.
The gnoll barely misses you.
You slash the gnoll! You freeze the gnoll.
You kill the gnoll!
You have reached level 4!
It was a potion of might.
You feel very mighty all of a sudden.
The gnoll hits you from afar with a +0 spear.
* * * LOW HITPOINT WARNING * * *
The gnoll hits you from afar with a +0 spear.
* * * LOW HITPOINT WARNING * * *
The gnoll closely misses you. The gnoll barely misses you.
You closely miss the gnoll. The gnoll barely misses you.
The gnoll hits you with a +0 spear.
You die...
Xom laughs nastily!

Skill      XL: |  1  2  3 |
---------------+----------+-----
Axes           | 5 6 |  6.3
Fighting       | |  3.6
Armour         | |  2.1
Dodging        | |  0.7

Action                     |  1- 3 |  4- 6 || total
---------------------------+-------+-------++-------
  Melee: Hand axe          |    67 |     1 ||    68
         Punch             |     1 |       ||     1
    Use: Scroll            |     2 |       ||     2
         Potion            |       |     1 ||     1
 Armour: Leather armour    |    40 |     3 ||    43
  Dodge: Dodged            |    36 |     3 ||    39

Levels and vault maps discovered:
D:1:      dpeg_arrival_arbitrary_a, layout_loops_cross, grunt_decor_arrowhead
D:2:      layout_basic, columned_hall_lemuel,
          nicolae_concentric_dashed_squares_mild, corexii_corridor_pit,
          minmay_misc_feat_chi

Notes
Turn   | Place    | Note
-------+----------+-------------------------------------------
     0 | D:1      | demibob the Hill Orc Chaos Knight began the quest for the
                  | Orb.
     0 | D:1      | Reached XP level 1. HP: 19/19 MP: 1/1
   199 | D:1      | Reached XP level 2. HP: 26/26 MP: 2/2
   286 | D:1      | Reached skill level 5 in Axes
   411 | D:1      | XOM: potion effect (brilliance)
   589 | D:1      | Reached XP level 3. HP: 31/31 MP: 3/3
   863 | D:1      | XOM: silly message
   989 | D:2      | Reached skill level 6 in Axes
  1001 | D:2      | Reached XP level 4. HP: 11/39 MP: 4/4
  1009 | D:2      | Slain by a gnoll

Vanquished Creatures
  2 gnolls (D:2)
  A worm (D:2)
  3 dart slugs (D:1)
  2 bats (D:1)
  5 endoplasms (D:1)
  A giant cockroach (D:1)
  3 goblins
  2 hobgoblins (D:1)
  A quokka (D:1)
  A ball python (D:2)
  A frilled lizard (D:1)
  4 kobolds (D:1)
  3 rats
29 creatures vanquished.

Table legend: (Time is in decaauts)
 A = Elapsed time spent in this place.
 B = Non-inter-level travel time spent in this place.
 C = Inter-level travel time spent in this place.
 D = Time resting spent in this place.
 E = Time spent auto-exploring this place.
 F = Levels seen in this place.
 G = Mean time per level.
                   A        B        C        D        E       F      G
               +--------+--------+--------+--------+--------+-----+--------+
         Total |   1011 |    997 |     14 |      0 |    818 |   2 |  505.5 |
       Dungeon |   1011 |    997 |     14 |      0 |    818 |   2 |  505.5 |
               +--------+--------+--------+--------+--------+-----+--------+

Top non-repeatable levels by time:
     D:1: 879 daAuts
     D:2: 131 daAuts

Table legend:
 A = Non-vault XP
 B = Vault XP
 C = Vault XP percentage of total XP
 D = Non-vault monster count
 E = Vault monster count
 F = Vault count percentage of total count
                 A         B        C        D         E       F
            +---------+---------+-------+---------+---------+-------
      Total |      82 |       0 |   0.0 |      29 |       0 |   0.0
            +---------+---------+-------+---------+---------+-------
        D:1 |      45 |       0 |   0.0 |      22 |       0 |   0.0
        D:2 |      37 |       0 |   0.0 |       7 |       0 |   0.0
            +---------+---------+-------+---------+---------+-------
